 Dungeon Crawl Stone Soup version 0.27-a0-124-g19cb506db8 (webtiles) character file.

Game seed: 10637489361481202267

18 lunkers the Chucker (level 2, -2/26 HPs)
             Began as a Hill Orc Hunter on Jan 25, 2021.
             Slain by a goblin (3 damage)
             ... on level 1 of the Dungeon.
             The game lasted 00:03:48 (628 turns).

lunkers the Chucker (Hill Orc Hunter)                Turns: 628, Time: 00:03:49

Health: -2/26      AC:  4    Str: 14    XL:     2   Next: 70%
Magic:  2/2        EV: 11    Int: 11    God:
Gold:   9          SH:  0    Dex: 11    Spells: 1/1 levels left

rFire    . . .     SeeInvis .   g - -2 hunting sling (curse)
rCold    . . .     Faith    .   (no shield)
rNeg     . . .     Spirit   .   b - +0 leather armour
rPois    .         Reflect  .   (no helmet)
rElec    .         Harm     .   e - +0 cloak
rCorr    .         Rampage  .   (no gloves)
Will     .....                  (no boots)
Stlth    +.........             (no amulet)
HPRegen  0.08/turn              (no ring)
MPRegen  0.08/turn              (no ring)

@: no status effects
A: no striking features
a: no special abilities


You were on level 1 of the Dungeon.
You visited 1 branch of the dungeon, and saw 1 of its levels.

You collected 9 gold pieces.

Inventory:

Hand Weapons
 a - a +0 short sword
 g - a cursed -2 hunting sling (weapon)
Missiles
 d - a throwing net {=f}
Armour
 b - a +0 leather armour (worn)
 e - a +0 cloak (worn)
Potions
 f - a potion of brilliance {unknown}


   Skills:
 + Level 3.2 Fighting
 + Level 4.0 Throwing
 - Level 1.5 Dodging
 - Level 0.7 Stealth


You had one spell level left.
You didn't know any spells.
Your spell library was empty.

Dungeon Overview and Level Annotations

Branches:
Dungeon (1/15)

Altars:


Message History

The goblin closely misses you.
You closely miss the goblin. The goblin hits you.
* * * LOW HITPOINT WARNING * * *
The goblin hits you but does no damage.
You closely miss the goblin. The goblin barely misses you.
You barely miss the goblin. The goblin barely misses you. x2
You closely miss the goblin. The goblin hits you.
* * * LOW HITPOINT WARNING * * *
Unknown command.
You clumsily bash the goblin but do no damage.
The goblin hits you but does no damage. The goblin closely misses you.
You miss the goblin. The goblin closely misses you.
You clumsily bash the goblin but do no damage.
The goblin misses you. The goblin hits you but does no damage.
You barely miss the goblin. The goblin hits you.
* * * LOW HITPOINT WARNING * * *
You closely miss the goblin. The goblin hits you.
* * * LOW HITPOINT WARNING * * *
The goblin hits you.
You die...

############ ...........#
.#########.################# .#
#......@gg........#
.#########################.######
.............>...................
.###.########....................
.#.........#############....####.
.#.......#.# #....# #.
.#.......#.# #....####.
....##...#.# #.........
.........#.## #.....####


You could see a hobgoblin and a goblin.

Vanquished Creatures
  An ooze (D:1)
  A leopard gecko (D:1)
  2 bats (D:1)
  2 hobgoblins (D:1)
  2 frilled lizards (D:1)
  3 kobolds (D:1)
  3 rats (D:1)
14 creatures vanquished.

Notes
Turn   | Place    | Note
-------+----------+-------------------------------------------
     0 | D:1      | lunkers the Hill Orc Hunter began the quest for the Orb.
     0 | D:1      | Reached XP level 1. HP: 18/18 MP: 1/1
    59 | D:1      | Reached XP level 2. HP: 21/25 MP: 2/2
   430 | D:1      | Reached skill level 4 in Throwing
   628 | D:1      | HP: 1/26 [goblin (2)]
   628 | D:1      | Slain by a goblin

Illustrated notes

Levels and vault maps discovered:
D:1:      saegor_arrival_simple_e, layout_basic

Skill      XL: |  1  2 |
---------------+-------+-----
Fighting       | 3 |  3.2
Throwing       | 4 |  4.0
Dodging        | |  1.5
Stealth        | |  0.7

Action                   || total
-------------------------++-------
Melee: Short sword       ||    12
       Hunting sling     ||    34
 Fire: Hunting sling     ||     7
Throw: Javelin           ||    18
       Throwing net      ||     1
  Use: Scroll            ||     1
Armor: Leather armour    ||    23
Dodge: Dodged            ||    46

Table legend: (Time is in decaauts)
 A = Elapsed time spent in this place.
 B = Non-inter-level travel time spent in this place.
 C = Inter-level travel time spent in this place.
 D = Time resting spent in this place.
 E = Time spent auto-exploring this place.
 F = Levels seen in this place.
 G = Mean time per level.
                   A        B        C        D        E       F      G
               +--------+--------+--------+--------+--------+-----+--------+
         Total |    651 |    644 |      7 |      0 |    315 |   1 |  651.0 |
       Dungeon |    651 |    644 |      7 |      0 |    315 |   1 |  651.0 |
               +--------+--------+--------+--------+--------+-----+--------+

Top non-repeatable levels by time:
     D:1: 651 daAuts
